 Dungeon Crawl Stone Soup version 0.28.0-45-g0d030f2227 (webtiles) character file.

Game seed: 5778986224857586216

2578 GreyArmor the Fighter (level 9, -7/102 HPs)
             Began as an Ogre Berserker on Apr 18, 2022.
             Was an Elder of Trog.
             Mangled by an orc warlord
             ... wielding a +0 war axe
              (23 damage)
             ... in a bailey.
             The game lasted 00:31:56 (8186 turns).

GreyArmor the Fighter (Ogre Berserker)              Turns: 8186, Time: 00:31:57

Health: -7/102     AC:  9    Str: 27    XL:     9   Next: 57%
Magic:  9/9        EV: 13    Int:  8    God:    Trog [****..]
Gold:   635        SH:  0    Dex: 14    Spells: 8/8 levels left

rFire   . . .      SeeInvis .   l - +6 morningstar "Gram" {vorpal, rElec}
rCold   . . .      Faith    .   j - orb {light}
rNeg    . . .      Spirit   .   b - +0 animal skin
rPois   .          Reflect  .   (helmet restricted)
rElec   +          Harm     .   c - +1 cloak
rCorr   .          Rampage  .   (gloves unavailable)
Will    .....                   (boots unavailable)
Stlth   +.........              m - amulet of the acrobat
HPRegen 0.27/turn               f - +4 ring of protection
MPRegen 0.11/turn               F - +6 ring of dexterity

@: glowing
A: large, unfitting armour, tough skin 1
a: Renounce Religion, Berserk, Trog's Hand, Brothers in Arms


You were in a bailey.
You worshipped Trog.
Trog was greatly pleased with you.
You visited 1 branch of the dungeon, and saw 8 of its levels.
You also visited: Bailey.

You collected 1335 gold pieces.
You spent 700 gold pieces at shops.

Inventory:

Hand Weapons
 a - a +0 hand axe
 d - a +0 dagger of holy wrath
 l - the +6 morningstar "Gram" (weapon) {vorpal, rElec}
   (You bought it in a shop on level 1 of the Dungeon)

   It inflicts extra damage upon your enemies.
   rElec:     It insulates you from electricity.
 q - a +3 hand axe of electrocution
 v - a +5 vampiric whip
 A - a +4 long sword
 B - a +0 short sword of venom
 D - a +4 mace
Missiles
 o - 19 poisoned darts (quivered)
Armour
 b - a +0 animal skin (worn)
 c - a +1 cloak (worn)
 j - an orb of light (worn)
Jewellery
 f - a +4 ring of protection (left hand)
 m - an amulet of the acrobat (around neck)
 x - an amulet of faith
 C - a ring of see invisible
 F - a +6 ring of dexterity (right hand)
Wands
 t - a wand of charming (8)
Scrolls
 e - 2 scrolls of summoning
 g - a scroll of noise
 k - 3 scrolls of vulnerability
 n - 2 scrolls of amnesia
 r - 3 scrolls of blinking
 s - a scroll of brand weapon
 u - a scroll of fog
 w - a scroll of teleportation
 y - a scroll of immolation
 G - a scroll of fear {unknown}
Potions
 h - a potion of might
 i - a potion of flight
 p - 6 potions of curing
 z - a potion of invisibility
 E - a potion of cancellation {unknown}


   Skills:
 + Level 10.4 Fighting
 + Level 7.9 Axes
 + Level 7.2 Dodging


You had 8 spell levels left.
You didn't know any spells.
Your spell library was empty.

Dungeon Overview and Level Annotations

Branches:
Dungeon (8/15)             Temple (0/1) D:5          Bailey (1/1)
   Lair: D:8-11

Altars:
Ashenzari
Yredelemnul

Shops:
D:1 ([   D:3 [


Innate Abilities, Weirdness & Mutations

You are too large for most types of armour.
You have tough skin. (AC +1)


Message History

E - a ruby potion
G - a scroll labelled SIGIBR ZUVOYPP
e - 2 scrolls of summoning (gained 1)
Things that are here:
a +0 hand axe; a +0 leather armour
Okay, then.
You open the gate. You puncture the orc warlord!
The orc warlord is lightly wounded.
The orc warlord hits you with a +0 war axe!
You barely miss the orc warlord.
The orc warlord is lightly wounded.
The orc warlord completely misses you.
The orc warlord hits you with a +0 war axe!
You thump the orc warlord!
The orc warlord is moderately wounded.
The orc warlord hits you with a +0 war axe.
You puncture the orc warlord!
The orc warlord is moderately wounded.
The orc warlord hits you with a +0 war axe!
You bludgeon the orc warlord!!
The orc warlord is heavily wounded.
The orc warlord hits you with a +0 war axe!
You sock the orc warlord!
The orc warlord is severely wounded.
The orc warlord hits you with a +0 war axe!
The orc warlord hits you with a +0 war axe.
You hit the orc warlord.
The orc warlord is severely wounded.
The orc warlord closely misses you.
You sock the orc warlord!
The orc warlord is almost dead.
The orc warlord hits you with a +0 war axe!!
* * * LOW HITPOINT WARNING * * *
You puncture the orc warlord!
The orc warlord is almost dead.
The orc warlord hits you with a +0 war axe!
* * * LOW HITPOINT WARNING * * *
The orc warlord hits you with a +0 war axe!!
You die...

#..... #........ ....8
...8.... #.K. ......#
##≈≈ ≈≈≈ #.. ..... ≈#≈.
...:≈#.. #.... ≈....
...!≈#((
#...##≈8.8...8.8##..
#...'≈≈.........#.(.
#..@o≈≈....∩....#.g.
#...'≈≈........o#...
#...##≈8.8...8.8##o.
##....#≈..... ..?≈#(.
##.....#≈≈#≈. ..=≈#.)
##.....(#### ≈ ≈≈##..
#...8...(..#########...
#.......(.)).....'....8
#.......)..#)≈≈≈≈#.....


You could see an orc warlord.

Vanquished Creatures
  An orc knight (Bailey)
  A black bear (D:7)
  An ice beast (D:7)
  4 orc warriors
  An ogre (D:6)
  4 bullfrogs
  A wyvern zombie (D:6)
  A scorpion (D:6)
  A wyvern skeleton (D:6)
  2 water moccasin skeletons
  6 wights (D:7)
  A bullfrog zombie (D:6)
  2 centaur zombies (D:6)
  3 jellies
  2 bullfrog skeletons
  An orc priest (D:5)
  2 centaur skeletons
  A hound (D:5)
  2 iguanas (D:6)
  3 orc wizards
  A gnoll (Bailey)
  7 adders
  An ufetubus (D:5)
  2 adder skeletons (D:4)
  2 worms
  5 dart slugs
  21 orcs
  8 ball pythons
  6 endoplasms
  2 giant cockroaches (D:1)
  8 goblins
  7 hobgoblins
  2 jackals (D:1)
  4 quokkas (D:2)
  9 bats
  8 frilled lizards
  13 kobolds
  9 rats
155 creatures vanquished.

Vanquished Creatures (collateral kills)
  A gnoll (Bailey)
  5 kobolds (Bailey)
6 creatures vanquished.

Vanquished Creatures (others)
  5 plants
5 creatures vanquished.

Grand Total: 166 creatures vanquished

Notes
Turn   | Place    | Note
-------+----------+-------------------------------------------
     0 | D:1      | GreyArmor the Ogre Berserker began the quest for the Orb.
     0 | D:1      | Reached XP level 1. HP: 24/24 MP: 1/1
     2 | D:1      | Found Ceabryp's Weapon Shoppe.
   162 | D:1      | Reached XP level 2. HP: 21/32 MP: 2/2
   352 | D:1      | Found Tunnyrph's Antique Armour Shop.
   559 | D:1      | Reached XP level 3. HP: 31/40 MP: 3/3
   857 | D:1      | Reached ** piety under Trog
  1479 | D:2      | Found a broken altar of Ashenzari.
  1493 | D:2      | Reached XP level 4. HP: 49/49 MP: 4/4
  1554 | D:2      | Reached skill level 5 in Fighting
  1939 | D:3      | Found Nixiokash's Armour Shop.
  2583 | D:4      | Reached XP level 5. HP: 57/57 MP: 5/5
  2584 | D:4      | Reached *** piety under Trog
  2598 | D:4      | Reached XP level 6. HP: 64/67 MP: 6/6
  2669 | D:4      | Identified a scroll of acquirement
  2672 | D:4      | Acquired 867 gold pieces
  3148 | D:1      | Bought the +6 morningstar "Gram" {vorpal, rElec} for 700
                  | gold pieces
  3334 | D:4      | Found a basalt altar of Yredelemnul.
  3424 | D:4      | Reached skill level 6 in Fighting
  4136 | D:5      | Entered Level 5 of the Dungeon
  4285 | D:5      | Found a staircase to the Ecumenical Temple.
  4548 | D:5      | Reached skill level 5 in Axes
  5083 | D:5      | Reached XP level 7. HP: 75/76 MP: 7/7
  5446 | D:6      | Reached skill level 7 in Fighting
  5606 | D:6      | Reached skill level 5 in Dodging
  5868 | D:6      | Reached XP level 8. HP: 88/88 MP: 8/8
  5876 | D:6      | Reached skill level 8 in Fighting
  6935 | D:7      | Reached skill level 9 in Fighting
  7088 | D:7      | Reached XP level 9. HP: 98/98 MP: 9/9
  7230 | D:7      | Reached **** piety under Trog
  7821 | D:8      | Found a flagged portal.
  7834 | Bailey   | Entered a bailey
  7851 | Bailey   | Noticed an orc warlord
  7880 | Bailey   | Noticed an orc knight
  7895 | Bailey   | Killed an orc knight
  7896 | Bailey   | Reached skill level 10 in Fighting
  8147 | Bailey   | Found a runed translucent gate.
  8147 | Bailey   | Found a runed translucent gate.
  8147 | Bailey   | Found a runed translucent gate.
  8186 | Bailey   | Mangled by an orc warlord

Illustrated notes

Levels and vault maps discovered:
D:1:      saegor_arrival_simple_a, layout_rooms, serial_shops, shop,
          nicolae_shop_waterfront, minmay_tetromino_s2
D:2:      minmay_chambers_of_twos, layout_loops_ring, basic_altar,
          serial_bayou_pond_b
D:3:      layout_basic, serial_shops, nicolae_shop_waterfront
D:4:      layout_loops_corners, mainiacjoe_overflow_boulevard
D:5:      layout_basic, minmay_temple_entry_drinking_statues,
          chequers_hall_statues_wall_a
D:6:      minmay_spotlight, layout_gridville
D:7:      layout_loops_ring
D:8:      layout_basic, mainiacjoe_overflow_surrounded_room,
          nicolae_overflow_hallway_of_the_gods, enter_bailey_3, uniq_grum
Bailey:   bailey_axe_bossmonster_kennysheep, bailey

Skill      XL: |  1  2  3  4  5  6  7  8  9 |
---------------+----------------------------+-----
Dodging        | 3 4 5 6 7 |  7.2
Fighting       | 5 6 7 9 10 | 10.4
Axes           | 4 5 7 |  7.9

Action                   |  1- 3 |  4- 6 |  7- 9 || total
-------------------------+-------+-------+-------++-------
Melee: Hand axe          |   128 |    80 |       ||   208
       Punch             |     1 |       |       ||     1
       Morningstar       |       |    28 |    40 ||    68
       Whip              |       |    23 |   201 ||   224
Invok: Berserk           |     1 |     2 |     3 ||     6
  Use: Scroll            |     5 |     7 |     7 ||    19
       Potion            |       |     4 |       ||     4
 Stab: Distracted        |     1 |       |       ||     1
Armor: Animal skin       |   112 |    76 |    85 ||   273
Dodge: Dodged            |   112 |    66 |   114 ||   292
